 Dungeon Crawl Stone Soup version 0.26-a0-597-gb535b0901c (webtiles) character file.

Game seed: 8912650895113933381

(classic levelgen) 1793 EnegeticOcto the Chopper (level 8, -2/74 HPs)
             Began as a Deep Dwarf Fighter on Aug 26, 2020.
             Was a Follower of Makhleb.
             Splashed by a brown ugly thing's acid (10 damage)
             ... on level 7 of the Dungeon.
             The game lasted 00:02:19 (2969 turns).

EnegeticOcto the Chopper (Deep Dwarf Fighter)       Turns: 2969, Time: 00:02:19

Health: -2/74      AC: -3    Str: 22    XL:     8   Next: 82%
Magic:  3/3        EV:  5    Int:  9    God:    Makhleb [*.....]
Gold:   139        SH: 11    Dex: 12    Spells: 7/7 levels left

rFire    . . .     SeeInvis .   a - +1 war axe
rCold    . . .     Faith    .   c - +1 kite shield
rNeg     . . .     Spirit   .   m - +0 plate armour
rPois    .         Reflect  .   (no helmet)
rElec    .         Harm     .   (no cloak)
rCorr    .                      (no gloves)
MR       +....                  (no boots)
Stlth    ..........             (no amulet)
HPRegen  0.00/turn              (no ring)
MPRegen  0.08/turn              (no ring)

@: corroded, non-regenerating
A: damage resistance, heal wounds, sense surroundings 1, no regeneration
a: Heal Wounds, Renounce Religion


You were on level 7 of the Dungeon.
You worshipped Makhleb.
Makhleb was aware of your devotion.
You visited 2 branches of the dungeon, and saw 8 of its levels.

You collected 139 gold pieces.

Inventory:

Hand Weapons
 a - a +1 war axe (weapon)
Armour
 c - a +1 kite shield (worn)
 m - a +0 plate armour (worn)
Jewellery
 b - a +6 ring of strength {unknown}
Scrolls
 e - a scroll of noise {unknown}
 g - 2 scrolls of remove curse {@r2}
 j - 2 scrolls of enchant weapon
 k - a scroll of teleportation {@r3}
Potions
 d - 3 potions of might {@q3}
 f - 2 potions of curing {@q1}
 h - a potion of resistance {unknown}
 i - a potion of mutation {unknown}
 l - a potion of cancellation {unknown}
 n - 2 potions of heal wounds {@q2}
 p - a potion of lignification {unknown}
 r - a potion of magic {unknown}


   Skills:
 + Level 5.2 Fighting
 * Level 7.8 Axes
 + Level 6.2 Armour
 + Level 6.2 Shields
 + Level 4.3 Invocations


You had 7 spell levels left.
You didn't know any spells.
Your spell library contained the following spells:

 Spells                   Type           Power        Failure   Level
 Ensorcelled Hibernation  Hex/Ice        #.....       100%        2
 Dazzling Flash           Conj/Hex       #.....       100%        3
 Frozen Ramparts          Ice            #.....       100%        3
 Yara's Violent Unravell  Hex/Tmut       #.........   100%        5


Dungeon Overview and Level Annotations

Branches:
Dungeon (7/15)             Temple (1/1) D:5

Altars:
Cheibriados
Dithmenos
Fedhas
Gozag
Hepliaklqana
Kikubaaqudgha
Makhleb
Nemelex Xobeh
Okawaru
Ru
Sif Muna
Trog
Uskayaw
Yredelemnul
Zin
The Shining One

Annotations:
D:7 Harold, Menkaure, Prince Ribbit


Innate Abilities, Weirdness & Mutations

You are resistant to damage.
You can heal yourself by infusing magical energy.
You passively map a small area around you.
You do not regenerate.


Message History

The brown ugly thing kicks you.
You are splashed with acid!
You are too injured to fight recklessly!
You are too injured to fight recklessly!
You are too injured to fight recklessly!
You are too injured to fight recklessly!
You are too injured to fight recklessly!
You are too injured to fight recklessly!
You are too injured to fight recklessly!
You are too injured to fight recklessly!
You are too injured to fight recklessly!
You are too injured to fight recklessly!
You are too injured to fight recklessly!
You are too injured to fight recklessly!
You are too injured to fight recklessly!
You are too injured to fight recklessly!
You are too injured to fight recklessly!
You see here a hound corpse.
Things that are here:
a +0 hand axe; a wand of acid (7) {@v1}; an orc corpse You feel much better.
The brown ugly thing kicks you!
You are splashed with acid!
Your magical essence is drained by the effort!
You feel much better. The brown ugly thing kicks you!
You are splashed with acid!
You feel much better.
You block the brown ugly thing's attack.
You hit the brown ugly thing.
The brown ugly thing is lightly wounded.
The brown ugly thing kicks you!
You are splashed with acid.
The brown ugly thing kicks you!
You are splashed with acid!
You are too injured to fight recklessly!
You are too injured to fight recklessly!
You are too injured to fight recklessly!
You are too injured to fight recklessly!
You are too injured to fight recklessly!
You are too injured to fight recklessly!
You are too injured to fight recklessly!
You are too injured to fight recklessly!
You are too injured to fight recklessly!
You are too injured to fight recklessly!
You are too injured to fight recklessly!
You feel much better.
You block the brown ugly thing's attack.
You feel much better. The brown ugly thing kicks you.
You are splashed with acid!
You feel much better. The brown ugly thing kicks you!
You are splashed with acid!
You feel much better.
You block the brown ugly thing's attack.
Your health is already full.
Your health is already full.
You hit the brown ugly thing but do no damage.
The brown ugly thing is lightly wounded.
The brown ugly thing kicks you!
You are splashed with acid.
You hit the brown ugly thing but do no damage.
The brown ugly thing is lightly wounded.
You block the brown ugly thing's attack.
You slash the brown ugly thing!
The brown ugly thing is lightly wounded.
You feel your health improve. The brown ugly thing kicks you!
You are splashed with acid!
You closely miss the brown ugly thing.
The brown ugly thing is lightly wounded.
The brown ugly thing kicks you.
You are splashed with acid!
You are too injured to fight recklessly!
You are too injured to fight recklessly!
You are too injured to fight recklessly!
You are too injured to fight recklessly!
You are too injured to fight recklessly!
You are too injured to fight recklessly!
You are too injured to fight recklessly!
You are too injured to fight recklessly!
You are too injured to fight recklessly!
You are too injured to fight recklessly!
You are too injured to fight recklessly!
You are too injured to fight recklessly!
You are too injured to fight recklessly!
You are too injured to fight recklessly!
You are too injured to fight recklessly!
You are too injured to fight recklessly!
You are too injured to fight recklessly!
You are too injured to fight recklessly!
You fail to use your ability.
The brown ugly thing kicks you!
* * * LOW HITPOINT WARNING * * *
You are splashed with acid!
* * * LOW HITPOINT WARNING * * *
Your magical essence is drained by the effort!
You feel much better.
You block the brown ugly thing's attack.
You feel much better. The brown ugly thing kicks you.
You are splashed with acid!
You block the brown ugly thing's attack.
You block the brown ugly thing's attack.
The brown ugly thing kicks you!
You are splashed with acid!
The brown ugly thing kicks you.
You are splashed with acid!
* * * LOW HITPOINT WARNING * * *
The brown ugly thing kicks you!
* * * LOW HITPOINT WARNING * * *
You are splashed with acid!
You die...

, , ,
........### , ,
..........(#
#.#........# ,
##.#........# ,
.........#.# *
, ##........###
.##......()...#
........u@†.# *
, ........†##.#
, ......).#####
......))#.## ,
............#
(........#.##
...........#
.#........##
#........#


You could see a brown ugly thing.

Vanquished Creatures
  Eustachio (D:5)
  An ice beast (D:7)
  An orc warrior (D:6)
  2 ogres
  A necrophage (D:7)
  2 phantoms (D:4)
  A gnoll sergeant (D:5)
  A wyvern skeleton (D:7)
  A scorpion (D:7)
  A wight (D:7)
  A centaur zombie (D:5)
  2 hounds
  3 centaur skeletons
  2 jellies
  2 orc priests
  6 orc wizards
  Jessica (D:2)
  4 iguanas
  3 worker ants
  A hound zombie (D:5)
  A hound skeleton (D:4)
  4 gnolls (D:5)
  A howler monkey skeleton (D:5)
  3 adders
  A shadow imp (D:6)
  A white imp (D:6)
  An ufetubus (D:6)
  3 worms
  2 dart slugs
  3 leopard geckos
  10 orcs
  3 giant cockroaches
  2 hobgoblins
  3 jackals (D:1)
  2 quokkas
  3 bats
  3 frilled lizards
  5 goblins
  A leopard gecko zombie (D:7)
  2 quokka skeletons
  A rat (D:1)
92 creatures vanquished.

Notes
Turn   | Place    | Note
-------+----------+-------------------------------------------
     0 | D:1      | EnegeticOcto the Deep Dwarf Fighter began the quest for the
                  | Orb.
     0 | D:1      | Reached XP level 1. HP: 20/20 MP: 1/1
    38 | D:1      | Reached XP level 2. HP: 25/27 MP: 2/2
   143 | D:2      | Noticed Jessica
   150 | D:2      | Killed Jessica
   150 | D:2      | Reached skill level 3 in Axes
   150 | D:2      | Reached XP level 3. HP: 19/34 MP: 3/3
   169 | D:3      | Reached XP level 4. HP: 42/42 MP: 4/4
   220 | D:3      | Found a glowing golden altar of the Shining One.
   391 | D:4      | Found a blossoming altar of Fedhas.
   543 | D:4      | Noticed a phantom
   548 | D:4      | Reached skill level 4 in Axes
   548 | D:4      | Reached XP level 5. HP: 47/49 MP: 5/5
   595 | D:4      | Killed a phantom
   595 | D:4      | Reached XP level 6. HP: 56/56 MP: 6/6
   598 | D:4      | Identified the Volume of Frigorific Hexes
   882 | D:4      | Reached skill level 5 in Axes
  1041 | D:5      | Entered Level 5 of the Dungeon
  1059 | D:5      | Noticed Eustachio
  1097 | D:5      | Killed Eustachio
  1097 | D:5      | Reached XP level 7. HP: 54/64 MP: 7/7
  1102 | D:5      | Found a staircase to the Ecumenical Temple.
  1270 | Temple   | Entered the Ecumenical Temple
  1500 | Temple   | Became a worshipper of Makhleb the Destroyer
  1560 | D:5      | Reached skill level 5 in Armour
  1579 | D:5      | Reached skill level 5 in Shields
  1648 | D:5      | Reached skill level 1 in Invocations
  1692 | D:5      | Reached skill level 6 in Axes
  2471 | D:6      | Reached XP level 8. HP: 49/73 MP: 8/8
  2702 | D:6      | Reached * piety under Makhleb
  2842 | D:7      | Noticed Prince Ribbit
  2843 | D:7      | Noticed Harold
  2844 | D:7      | Reached skill level 7 in Axes
  2848 | D:7      | Noticed Menkaure
  2895 | D:7      | Reached skill level 5 in Fighting
  2911 | D:7      | Noticed a brown ugly thing
  2969 | D:7      | Splashed by a brown ugly thing's acid

Illustrated notes

Levels and vault maps discovered:
D:1:      shiori_arrival_maze, layout_basic
D:2:      layout_loops_ring, uniq_jessica
D:3:      layout_loops_ring, tso_oasis_becter
D:4:      layout_basic, fedhas_altar_1
D:5:      layout_loops_cross, temple_fountains, st_stairs_8, uniq_eustachio
D:6:      layout_gridville
D:7:      hangedman_cross_stitches, layout_cave_pools, serial_column_ruins,
          column_ruins_square_large, column_ruins_hut_pillars,
          column_ruins_columns_plus, column_ruins_columns_water,
          column_ruins_grid_1, column_ruins_open_tiny, column_ruins_grid_1,
          chequers_decorated_corner, uniq_menkaure, uniq_prince_ribbit1,
          uniq_harold
Temple:   regret_index_temple_generic_petals

Skill      XL: |  1  2  3  4  5  6  7  8 |
---------------+-------------------------+-----
Fighting       | 3 4 5 |  5.2
Axes           | 3 4 5 6 7 |  7.8
Shields        | 4 5 6 |  6.2
Armour         | 4 5 6 |  6.2
Invocations    | 2 4 |  4.3

Action                   |  1- 3 |  4- 6 |  7- 9 || total
-------------------------+-------+-------+-------++-------
Melee: War axe           |    48 |   118 |   189 ||   355
 Abil: Heal Wounds       |     1 |     2 |    32 ||    35
  Use: Scroll            |       |       |     7 ||     7
Armor: Scale mail        |    35 |    22 |       ||    57
       Plate armour      |       |    70 |   131 ||   201
Dodge: Dodged            |    24 |    22 |    44 ||    90
Block: Kite shield       |    39 |    65 |   157 ||   261

Table legend: (Time is in decaauts)
 A = Elapsed time spent in this place.
 B = Non-inter-level travel time spent in this place.
 C = Inter-level travel time spent in this place.
 D = Time resting spent in this place.
 E = Time spent auto-exploring this place.
 F = Levels seen in this place.
 G = Mean time per level.
                   A        B        C        D        E       F      G
               +--------+--------+--------+--------+--------+-----+--------+
         Total |   3072 |   2871 |    201 |      0 |   2120 |   8 |  384.0 |
       Dungeon |   2818 |   2675 |    143 |      0 |   1926 |   7 |  402.6 |
        Temple |    254 |    196 |     58 |      0 |    194 |   1 |  254.0 |
               +--------+--------+--------+--------+--------+-----+--------+

Top non-repeatable levels by time:
     D:6: 795 daAuts
     D:5: 784 daAuts
     D:4: 701 daAuts
  Temple: 254 daAuts
     D:3: 222 daAuts
     D:7: 146 daAuts
     D:1: 136 daAuts
     D:2: 31 daAuts
